 Dungeon Crawl Stone Soup version 0.22-a0-539-gfbd9004e3f (webtiles) character file.

2411 Hercules1031 the Skirmisher (level 9, -16/79 HPs)
             Began as a Hill Orc Fighter on June 24, 2018.
             Was a Follower of Beogh.
             Demolished by a two-headed ogre
             ... wielding a +0 giant spiked club
              (17 damage)
             ... on level 9 of the Dungeon.
             The game lasted 00:35:49 (5795 turns).

Hercules1031 the Skirmisher (Hill Orc Fighter)      Turns: 5795, Time: 00:35:50

Health: -16/79     AC: 11    Str: 22      XL:     9   Next: 47%
Magic:  9/9        EV: 12    Int: 10      God:    Beogh [*.....]
Gold:   352        SH: 11    Dex: 15 (16) Spells: 8/8 levels left

rFire    . . .     SeeInvis .   e - +3 mace (holy)
rCold    . . .     Gourm    .   c - +0 shield
rNeg     . . .     Faith    .   t - +1 ring mail "Sahonn" {rPois rC- Dex+6 Stlth-}
rPois    +         Spirit   .   (no helmet)
rElec    .         Reflect  .   m - +0 cloak
rCorr    .         Harm     .   (no gloves)
MR       .....                  g - +1 pair of boots
Stlth    ..........             (no amulet)
HPRegen  0.23/turn              (no ring)
MPRegen  0.11/turn              (no ring)

@: no status effects
A: hooves 1, clever 1, cold resistance 1, deterioration 1
a: Renounce Religion


You were on level 9 of the Dungeon.
You worshipped Beogh.
Beogh was aware of your devotion.
You were full.

You visited 1 branch of the dungeon, and saw 9 of its levels.

You collected 372 gold pieces.
You spent 20 gold pieces at shops.

Inventory:

Hand Weapons
 a - a +0 war axe
 e - a +3 mace of holy wrath (weapon)
 h - a +3 quarterstaff of chaos
 l - a +0 flail
 q - a +2 vampiric falchion
 r - a +0 antimagic mace
Armour
 b - a +0 scale mail
 c - a +0 shield (worn)
 d - a +0 chain mail
 g - a +1 pair of boots (worn)
 m - a +0 cloak (worn)
 t - the +1 ring mail "Sahonn" (worn) {rPois rC- Dex+6 Stlth-}
   (You found it on level 5 of the Dungeon)

   It affects your dexterity (+6).
   It makes you vulnerable to cold.
   It protects you from poison.
   It makes you less stealthy.
Magical Staves
 s - an uncursed staff of death
Wands
 k - a wand of disintegration (17)
 o - a wand of iceblast (11)
 u - a wand of flame (31)
Scrolls
 i - 9 scrolls of identify
 n - a scroll of immolation {unknown}
Potions
 j - 2 potions of lignification
 p - a potion of invisibility
Comestibles
 f - 7 rations


   Skills:
 + Level 7.6 Fighting
 - Level 3.1(5.4) Axes
 + Level 5.7(6.0) Maces & Flails
 + Level 6.9 Armour
 + Level 4.4 Dodging
 + Level 6.9 Shields


You had 8 spell levels left.
You didn't know any spells.
Your spell library was empty.

Dungeon Overview and Level Annotations

Branches:
Dungeon (9/15)             Temple (0/1) D:5
   Lair: D:8-11         Orc: D:9-12

Altars:
Cheibriados
Hepliaklqana
Okawaru
Uskayaw
Xom
Yredelemnul

Shops:
D:6 *


Innate Abilities, Weirdness & Mutations

You have large cloven feet.
Your mind is acute. (Int +2)
Your flesh is cold resistant. (rC+)
Your body sometimes deteriorates upon taking damage.


Message History

The two-headed ogre is lightly wounded.
The two-headed ogre misses you. The two-headed ogre barely misses you.
You hit the two-headed ogre.
The two-headed ogre is moderately wounded.
The two-headed ogre hits you with a giant spiked club!
The two-headed ogre barely misses you.
You sock the two-headed ogre!
The two-headed ogre is heavily wounded.
The two-headed ogre closely misses you. The two-headed ogre barely misses you.
The two-headed ogre hits you with a giant spiked club!
The two-headed ogre closely misses you. The two-headed ogre closely misses you.
The two-headed ogre hits you with a giant club!
* * * LOW HITPOINT WARNING * * *
Your body deteriorates!
You feel clumsy.
The two-headed ogre hits you with a giant spiked club!!
* * * LOW HITPOINT WARNING * * *
The two-headed ogre closely misses you.
The two-headed ogre hits you with a giant spiked club!
You die...

#
####.#
#<@O.#
#.####
#.#
#..
###


You could see a two-headed ogre.

Vanquished Creatures
  Eustachio (D:6)
  A hungry ghost (D:4)
  The ghost of temitten the Firebug, an amateur DEFE of Sif Muna (D:3)
  The ghost of htuhola the Grave Robber, an amateur DENe (D:3)
  An orc warrior (D:7)
  A black bear (D:8)
  An ice beast (D:8)
  3 ogres
  2 phantoms
  2 centaurs (D:7)
  A bullfrog (D:6)
  3 gnoll sergeants (D:6)
  A wight (D:6)
  2 crimson imps
  A bullfrog skeleton (D:5)
  A hound (D:7)
  A centaur skeleton (D:4)
  2 orc priests (D:7)
  4 orc wizards
  Crazy Yiuf (D:6)
  2 iguanas
  5 worker ants
  A hound zombie (D:6)
  A howler monkey zombie (D:6)
  4 gnolls (D:8)
  4 adders
  2 shadow imps
  An adder zombie (D:5)
  2 worms
  6 dart slugs
  3 leopard geckos
  22 orcs
  4 ball pythons
  A giant cockroach (D:2)
  7 goblins
  2 hobgoblins
  5 jackals
  5 kobolds
  2 quokkas
  A ball python skeleton (D:4)
  10 bats
  6 frilled lizards
  A jackal skeleton (D:7)
  A leopard gecko skeleton (D:4)
  A quokka skeleton (D:6)
  4 rats
  A spectral orc (D:2)
135 creatures vanquished.

Vanquished Creatures (others)
  An orc (D:5)
1 creature vanquished.

Grand Total: 136 creatures vanquished

Notes
Turn   | Place    | Note
-------+----------+-------------------------------------------
     0 | D:1      | Hercules1031 the Hill Orc Fighter began the quest for the Orb.
     0 | D:1      | Reached XP level 1. HP: 19/19 MP: 1/1
   166 | D:1      | Reached XP level 2. HP: 26/27 MP: 2/2
   873 | D:2      | Found a hide-covered altar of Uskayaw.
   882 | D:2      | Reached XP level 3. HP: 25/33 MP: 3/3
   966 | D:2      | Gained mutation: Your spells are a little harder to cast, but a little more powerful. [potion of mutation]
   966 | D:2      | Gained mutation: You have a pair of small horns on your head. [potion of mutation]
  1022 | D:2      | Reached skill level 4 in Fighting
  1054 | D:2      | Found a basalt altar of Yredelemnul.
  1232 | D:2      | Found a faded altar of an unknown god.
  1265 | D:3      | Reached skill level 1 in Dodging
  1304 | D:3      | Reached XP level 4. HP: 27/40 MP: 4/4
  1435 | D:3      | Reached skill level 1 in Maces & Flails
  1640 | D:3      | Reached XP level 5. HP: 44/47 MP: 5/5
  1882 | D:3      | Found a runed gate.
  1882 | D:3      | Found a runed gate.
  1882 | D:3      | Found a runed gate.
  1882 | D:3      | Noticed temitten's ghost (amateur DEFE)
  1883 | D:3      | Noticed htuhola's ghost (amateur DENe)
  1892 | D:3      | Killed htuhola's ghost
  1892 | D:3      | Reached XP level 6. HP: 31/53 MP: 6/6
  1897 | D:3      | Killed temitten's ghost
  2091 | D:4      | Reached skill level 5 in Fighting
  2234 | D:4      | Noticed a hungry ghost
  2238 | D:4      | Killed a hungry ghost
  2238 | D:4      | Reached XP level 7. HP: 61/61 MP: 7/7
  2583 | D:5      | Entered Level 5 of the Dungeon
  2616 | D:5      | Found a staircase to the Ecumenical Temple.
  2681 | D:5      | Reached skill level 5 in Armour
  2689 | D:5      | Reached skill level 5 in Shields
  2720 | D:5      | Became a worshipper of Beogh the Brigand
  2952 | D:5      | Got a faintly humming ring mail
  2955 | D:5      | Identified the +1 ring mail "Sahonn" {rPois rC- Dex+6 Stlth-} (You found it on level 5 of the Dungeon)
  3381 | D:6      | Found Vusif's General Store.
  3393 | D:6      | Reached XP level 8. HP: 63/70 MP: 8/8
  3396 | D:6      | Found an iron altar of Okawaru.
  3403 | D:6      | Bought a scroll of identify for 20 gold pieces
  3462 | D:6      | Reached skill level 6 in Fighting
  3740 | D:6      | Noticed Eustachio
  3744 | D:6      | HP: 2/70 [gnoll sergeant/trident (4)]
  4253 | D:6      | Killed Eustachio
  4466 | D:6      | Found a runed door.
  4470 | D:6      | Noticed Crazy Yiuf
  4476 | D:6      | Killed Crazy Yiuf
  4633 | D:7      | Found a snail-covered altar of Cheibriados.
  4765 | D:7      | Reached skill level 7 in Fighting
  4765 | D:7      | Reached skill level 5 in Maces & Flails
  4765 | D:7      | Reached XP level 9. HP: 79/79 MP: 9/9
  4775 | D:7      | Reached * piety under Beogh
  4833 | D:7      | Found a hazy altar of Hepliaklqana.
  5544 | D:8      | Lost mutation: You have a pair of small horns on your head. [potion of mutation]
  5544 | D:8      | Lost mutation: Your spells are a little harder to cast, but a little more powerful. [potion of mutation]
  5544 | D:8      | Gained mutation: Your body sometimes deteriorates upon taking damage. [potion of mutation]
  5544 | D:8      | Gained mutation: Your mind is acute. (Int +2) [potion of mutation]
  5544 | D:8      | Gained mutation: Your flesh is cold resistant. (rC+) [potion of mutation]
  5544 | D:8      | Gained mutation: You have large cloven feet. [potion of mutation]
  5757 | D:8      | Found a shimmering altar of Xom.
  5784 | D:9      | Noticed a two-headed ogre
  5794 | D:9      | HP: 1/79 [two-headed ogre/giant spiked club (21)]
  5795 | D:9      | Demolished by a two-headed ogre

Vault maps used:
D:1:      dpeg_arrival_stone_temple_mockup, minmay_statues_item,
          minmay_misc_feat_iff
D:2:      eat_drink_and_be_merry_uskayaw, yredelemnul_forgotten_temple_becter,
          fedhas_altar_fruit_tree, chequers_ecumenical_altar_twisty,
          first_ration, hangedman_decor_push, feat_on_display
D:3:      gammafunk_ghost_cemetery, due_unseen_surprise
D:5:      cheibrodos_helix_gallery, temple_fountains
D:6:      okawaru_trees_1, serial_shops, shop, sword_in_stone,
          uniq_crazy_yiuf_cottage
D:7:      old_standard_altar, basic_altar, hangedman_decor_riveting
D:8:      marbit_many_paths
D:9:      enter_bailey_7, gammafunk_ghost_grave

Skill      XL: |  1  2  3  4  5  6  7  8  9 |
---------------+----------------------------+-----
Axes           | 3 |  3.1
Fighting       | 4 5 7 |  7.6
Dodging        | 1 2 3 4 |  4.4
Maces & Flails | 1 2 3 5 |  5.7
Armour         | 4 5 6 |  6.9
Shields        | 4 5 6 |  6.9

Action                   |  1- 3 |  4- 6 |  7- 9 || total
-------------------------+-------+-------+-------++-------
Melee: War axe           |    64 |       |       ||    64
       Mace              |    50 |    90 |   320 ||   460
       Headbutt          |     6 |    19 |    63 ||    88
Invok: Convert to Beogh  |       |       |     1 ||     1
Evoke: Wand              |       |       |     2 ||     2
  Use: Potion            |     4 |     1 |    11 ||    16
       Scroll            |     1 |     5 |     9 ||    15
  Eat: Ration            |     1 |     1 |     5 ||     7
Armor: Scale mail        |    80 |    38 |    58 ||   176
       Ring mail         |       |       |    72 ||    72
       Skin              |       |       |    20 ||    20
Dodge: Dodged            |    60 |    22 |   194 ||   276
Block: Shield            |    84 |    54 |   246 ||   384

Table legend:
 A = Spawn XP
 B = Non-spawn XP
 C = Spawn XP percentage of total XP
 D = Spawn monster count
 E = Non-spawn monster count
 F = Spawn count percentage of total count
 G = Total turns spent on level
                    A         B        C        D         E        F      G
               +---------+---------+-------+---------+---------+-------+---------
         Total |       0 |    3445 |   0.0 |       0 |     135 |   0.0 |  5795
               +---------+---------+-------+---------+---------+-------+---------
           D:1 |       0 |      25 |   0.0 |       0 |      16 |   0.0 |   844
           D:2 |       0 |      42 |   0.0 |       0 |      16 |   0.0 |   401
           D:3 |       0 |     412 |   0.0 |       0 |      31 |   0.0 |   830
           D:4 |       0 |     317 |   0.0 |       0 |      13 |   0.0 |   508
           D:5 |       0 |     357 |   0.0 |       0 |      14 |   0.0 |   728
           D:6 |       0 |     992 |   0.0 |       0 |      15 |   0.0 |  1288
           D:7 |       0 |     925 |   0.0 |       0 |      21 |   0.0 |   771
           D:8 |       0 |     375 |   0.0 |       0 |       9 |   0.0 |   414
               +---------+---------+-------+---------+---------+-------+---------
